 Dungeon Crawl Stone Soup version 0.28-a0-233-gb8ca4b6547 (webtiles) character file.

Game seed: 4465499653541804726

39582 bande the Cleaver (level 14, -1/86 HPs)
             Began as a Gargoyle Fighter on Aug 22, 2021.
             Was the Champion of Okawaru.
             Slain by a hell rat (8 damage)
             ... on level 4 of the Lair of Beasts on Aug 23, 2021.
             The game lasted 00:48:43 (25154 turns).

bande the Cleaver (Gargoyle Fighter)               Turns: 25154, Time: 00:48:44

Health: -1/86      AC: 28    Str: 24    XL:     14   Next: 7%
Magic:  0/18       EV: 10    Int:  9    God:    Okawaru [******]
Gold:   795        SH: 11    Dex: 10    Spells: 10/13 levels left

rFire   + + .      SeeInvis .   G - +1 scimitar (flame)
rCold   . . .      Faith    .   c - +1 kite shield
rNeg    + . .      Spirit   +   b - +0 plate armour
rPois   ∞          Reflect  .   I - +0 hat {Will+}
rElec   +          Harm     .   (no cloak)
rCorr   .          Rampage  .   v - +2 pair of gloves
Will    ++...                   (no boots)
Stlth   ..........              s - amulet of guardian spirit
HPRegen 0.24/turn               e - ring "Ese Uwy" {rF+ EV+4}
MPRegen 0.16/turn               o - ring "Udittunu" {rF+ Slay+4}

@: marked, flying, studying Bows
A: sickness immunity, AC +10, big wings, negative energy resistance 1,
electricity resistance, torment resistance 1, petrification resistance
a: Renounce Religion, Heroism, Finesse, Duel


You were on level 4 of the Lair of Beasts.
You worshipped Okawaru.
Okawaru was exalted by your worship.
You visited 3 branches of the dungeon, and saw 16 of its levels.

You collected 1020 gold pieces.
You spent 225 gold pieces at shops.

Inventory:

Hand Weapons
 a - a +1 war axe of venom
 q - a +0 war axe
 w - the +7 pair of quick blades "Gyre" and "Gimble" {protect}
   (You found it on level 7 of the Dungeon)

   It grants its wielder temporary protection when it strikes (+7 to AC).
 F - a +2 flail of protection
 G - a +1 scimitar of flaming (weapon)
Armour
 b - a +0 plate armour (worn)
 c - a +1 kite shield (worn)
 g - a +0 helmet
 v - a +2 pair of gloves (worn)
 C - a +0 tower shield
 I - a +0 hat of willpower (worn)
Jewellery
 e - the ring "Ese Uwy" (left hand) {rF+ EV+4}
   (You acquired it on level 2 of the Dungeon)

   [ring of evasion]

   EV:        It affects your evasion (+4).
   rF:        It protects you from fire.
 h - a ring of magical power
 m - an amulet of the acrobat
 n - a ring of wizardry
 o - the ring "Udittunu" (right hand) {rF+ Slay+4}
   (You bought it in a shop on level 5 of the Dungeon)

   [ring of slaying]

   Slay:      It affects your accuracy & damage with ranged weapons and melee
   (+4).
   rF:        It protects you from fire.
 s - an amulet of guardian spirit (around neck)
 t - a ring of protection from cold
 x - a +4 ring of evasion
 z - a +4 ring of protection
Wands
 i - a wand of paralysis (6)
 l - a wand of acid (10)
 p - a wand of iceblast (19)
 r - a wand of polymorph (12)
 u - a wand of flame (17)
Scrolls
 f - 5 scrolls of teleportation
 y - 4 scrolls of identify
 A - a scroll of enchant armour
 E - 2 scrolls of amnesia
 J - a scroll of enchant weapon
 K - a scroll of silence
Potions
 d - 2 potions of might
 j - 4 potions of curing
 k - 2 potions of flight
 B - a potion of brilliance
 D - a potion of resistance
 H - 2 potions of berserk rage


   Skills:
 + Level 9.2 Fighting
 + Level 1.8 Long Blades
 + Level 12.0 Axes
 + Level 10.7 Armour
 - Level 1.4 Dodging
 + Level 9.4 Shields
 * Level 7.5 Translocations
 * Level 6.2 Invocations
 * Level 8.9 Evocations


You had 10 spell levels left.
You knew the following spells:

 Your Spells              Type           Power      Damage    Failure   Level
a - Apportation           Tloc           26%        N/A       38%         1
b - Blink                 Tloc           N/A        N/A       52%         2

Your spell library contained the following spells:

 Spells                   Type           Power      Damage    Failure   Level
 Lesser Beckoning         Tloc           6%         N/A       77%         3
 Portal Projectile        Hex/Tloc       12%        N/A       99%         3
 Passage of Golubria      Tloc           N/A        N/A       99%         4
 Corona                   Hex            0%         N/A       100%        1
 Sting                    Tmut/Pois      0%         1d3       100%        1
 Poisonous Vapours        Pois/Air       0%         N/A       100%        2
 Slow                     Hex            0%         N/A       100%        2
 Confusing Touch          Hex            0%         N/A       100%        3
 Vampiric Draining        Necr           0%         2d6       100%        3
 Hailstorm                Conj/Ice       0%         3d3       100%        4
 Ice Form                 Ice/Tmut       0%         N/A       100%        4
 Olgreb's Toxic Radiance  Pois           0%         N/A       100%        4
 Blade Hands              Tmut           0%         N/A       100%        5
 Excruciating Wounds      Necr           0%         N/A       100%        5
 Fireball                 Conj/Fire      0%         3d3       100%        5
 Manifold Assault         Tloc           13%        N/A       100%        5
 Yara's Violent Unravell  Hex/Tmut       0%         3d3       100%        5
 Eringya's Noxious Bog    Tmut/Pois      0%         N/A       100%        6
 Starburst                Conj/Fire      0%         6d3       100%        6
 Orb of Destruction       Conj           0%         N/A       100%        7
 Ignition                 Fire           0%         3d3       100%        8
 Animate Skeleton         Necr           Unusable   N/A       N/A         1
 Summon Small Mammal      Summ           Unusable   N/A       N/A         1
 Summon Guardian Golem    Hex/Summ       Unusable   N/A       N/A         3
 Tukima's Dance           Hex            Unusable   N/A       N/A         3
 Summon Forest            Summ/Tloc      Unusable   N/A       N/A         5
 Simulacrum               Ice/Necr       Unusable   N/A       N/A         6
 Spellforged Servitor     Conj/Summ      Unusable   N/A       N/A         7
 Summon Hydra             Summ           Unusable   N/A       N/A         7

Dungeon Overview and Level Annotations

Branches:
Dungeon (11/15)            Temple (1/1) D:5            Lair (4/6) D:11
  Snake (0/4) Lair:4          Orc (0/2) D:11
  Swamp: Lair:2-4    Shoals: Lair:2-4

Altars:
Ashenzari
Cheibriados
Dithmenos
Elyvilon
Fedhas
Gozag
Hepliaklqana
Kikubaaqudgha
Makhleb
Nemelex Xobeh
Okawaru
Qazlal
Ru
Sif Muna
Trog
Uskayaw
Vehumet
Wu Jian
Xom
Yredelemnul
Zin
The Shining One
Jiyva

Shops:
D:5 *   D:8 [   D:9 :   D:10 (   D:11 !*[=

Annotations:
D:6 3 runed translucent doors, Ndrwtcm's ghost, amateur HOFi
Lair:2 3 runed translucent doors, quinnr's ghost, journeyman TeAE


Innate Abilities, Weirdness & Mutations

You are immune to sickness and miasma.
Your stone body is resilient. (AC +10)
You are immune to poison.
Your large and strong wings let you fly.
You resist negative energy. (rN+)
You are resistant to electric shocks. (rElec)
You are resistant to unholy torment.
You are immune to petrification.


Message History

The blink frog hits you but does no damage.
You miss the blink frog.
The blink frog is severely wounded.
The bullfrog closely misses you.
You riposte.
You barely miss the bullfrog. You block the yak's attack.
The bullfrog hits you but does no damage.
The blink frog hits you but does no damage.
You block the yak's attack. The yak gores you.
* * * LOW HITPOINT WARNING * * *
The yak misses you.
The blink frog blinks!
The bullfrog snags a nearby mosquito with its tongue.
The bullfrog closely misses you.
You slash the blink frog! You burn the blink frog.
You kill the blink frog!
Okawaru accepts your kill.
The cane toad dissolves into shadows!
You hear some strange, mumbled words.
You block the yak's attack.
The bullfrog hits you but does no damage.
The blink frog blinks!
The yak gores you but does no damage. You block the yak's attack.
The yak completely misses you. You block the yak's attack.
The bullfrog hits you but does no damage.
The yak gores you but does no damage.
The catoblepas breathes a plume of calcifying dust at you.
The blast of calcifying dust hits the black bear.
The blast of calcifying dust hits the wolf.
The blast of calcifying dust hits the black mamba!
The blast of calcifying dust hits the yak.
The blast of calcifying dust hits you but does no damage.
You see here a blink frog corpse.
A hell rat comes into view.
The yak is engulfed in calcifying dust.
The yak is moving more slowly.
The yak is engulfed in calcifying dust.
The yak is moving more slowly.
The yak is engulfed in calcifying dust.
The yak is moving more slowly.
The yak is engulfed in calcifying dust.
The yak stops moving altogether!
You block the hell rat's attack.
The yak is engulfed in calcifying dust.
The yak stops moving altogether!
The yak is engulfed in calcifying dust.
The hell rat bites you!
You die...

.....#.#...##D(.##
..........gY.Y.h.#
............hhYYY#
.....#.....{r.SYF#
.....#.#....♣♣♣♣Y#
.......#..♣♣♣ ♣..#
P........♣ ♣.♣Y#
D.......♣ ♣.♣♣.#
$... ... ♣.♣ ♣@#
.F.. .. ♣.♣ ♣r#
.... ♣. ..# . ♣..#
.... ♣♣... ♣#..
♣###


You could see 5 yaks, a black bear (summoned, petrifying), a bullfrog (summoned)
and a hell rat.

Vanquished Creatures
  Gastronok (Lair:2)
  5 hydras
  8 two-headed ogres
  A catoblepas (Lair:2)
  Erica (Lair:1)
  A tengu warrior (D:9)
  3 death yaks
  A deep elf pyromancer (D:10)
  A manticore (D:11)
  2 ugly things
  A cyclops (D:9)
  A salamander (shapeshifter) (D:9)
  4 elephants
  3 black mambas
  8 cane toads
  An unseen horror (D:10)
  Psyche (D:10)
  5 komodo dragons
  4 trolls
  Grinder (D:6)
  A polar bear (Lair:4)
  12 blink frogs
  A meliai zombie (D:11)
  A shadow (D:10)
  A spriggan (D:7)
  A water elemental (D:10)
  4 wraiths
  3 basilisks
  2 wyverns
  19 yaks
  3 vampire mosquitoes
  Menkaure (D:4)
  4 steam dragons
  4 nagas (Lair:4)
  13 water moccasins
  A swamp drake (Lair:2)
  2 necrophages (D:5)
  A black bear (Lair:3)
  A sky beast (D:5)
  3 orc warriors
  4 centaurs
  3 ogres
  17 wolves
  A boggart (D:9)
  4 phantoms
  7 bullfrogs
  A wyvern zombie (D:7)
  3 scorpions
  A gnoll sergeant (D:10)
  A wyvern skeleton (D:5)
  A water moccasin skeleton (D:4)
  4 killer bees (D:9)
  8 wights
  9 electric eels
  2 bullfrog zombies
  A gnoll shaman (D:7)
  A jelly (D:5)
  5 orc priests
  2 centaur skeletons
  10 hounds
  3 iguanas
  5 orc wizards
  10 hell rats
  2 howler monkey zombies
  9 gnolls
  7 adders
  3 river rats (Lair:1)
  A white imp (D:5)
  An adder skeleton (D:5)
  4 worms
  A dart slug (D:1)
  30 orcs
  5 endoplasms
  3 giant cockroaches
  10 hobgoblins
  2 jackals
  3 kobolds
  7 quokkas
  5 ball pythons
  4 bats
  A frilled lizard (D:1)
  2 goblins
  11 rats
345 creatures vanquished.

Vanquished Creatures (others)
  A vampire mosquito (Lair:3)
  An orc wizard (D:7)
  2 gnolls (D:7)
  42 fungi
  38 plants
84 creatures vanquished.

Grand Total: 429 creatures vanquished

Notes
Turn   | Place    | Note
-------+----------+-------------------------------------------
     0 | D:1      | bande the Gargoyle Fighter began the quest for the Orb.
     0 | D:1      | Reached XP level 1. HP: 14/14 MP: 1/1
    93 | D:1      | Reached XP level 2. HP: 8/19 MP: 2/2
   867 | D:1      | Reached skill level 2 in Axes
   867 | D:1      | Reached XP level 3. HP: 15/23 MP: 3/3
  1080 | D:2      | Identified a scroll of acquirement
  1080 | D:2      | Acquired the ring "Ese Uwy" {rF+ EV+4}
  1086 | D:2      | Found a white marble altar of Elyvilon.
  1719 | D:3      | Reached XP level 4. HP: 20/28 MP: 4/4
  2185 | D:3      | Reached skill level 3 in Axes
  2378 | D:3      | Found a faded altar of an unknown god.
  2400 | D:3      | Reached XP level 5. HP: 33/33 MP: 5/5
  2900 | D:4      | Reached skill level 1 in Evocations
  3156 | D:4      | Noticed Menkaure
  3171 | D:4      | Killed Menkaure
  3172 | D:4      | Reached XP level 6. HP: 22/38 MP: 6/6
  3672 | D:4      | Reached skill level 4 in Axes
  4077 | D:4      | Reached XP level 7. HP: 43/43 MP: 7/7
  4202 | D:5      | Entered Level 5 of the Dungeon
  4252 | D:5      | Reached skill level 5 in Armour
  4380 | D:5      | Found Wuunac's Assorted Antiques.
  4387 | D:5      | Bought a steaming iron ring for 85 gold pieces
  4387 | D:5      | Identified the ring "Udittunu" {rF+ Slay+4} (You bought it
                  | in a shop on level 5 of the Dungeon)
  4526 | D:4      | Reached skill level 5 in Axes
  4562 | D:4      | Reached XP level 8. HP: 8/48 MP: 8/8
  4839 | D:4      | Reached skill level 5 in Shields
  5217 | D:5      | Found a staircase to the Ecumenical Temple.
  5226 | D:5      | Noticed a wraith
  5230 | Temple   | Entered the Ecumenical Temple
  5314 | Temple   | Killed a wraith
  5415 | D:5      | Reached skill level 1 in Dodging
  5754 | D:5      | Reached skill level 5 in Fighting
  5758 | D:5      | Reached skill level 6 in Axes
  5807 | D:5      | Noticed a yak
  5814 | D:5      | Killed a yak
  5815 | D:5      | Reached XP level 9. HP: 46/54 MP: 9/9
  6383 | D:6      | Found a runed translucent gate.
  6383 | D:6      | Found a runed translucent gate.
  6386 | D:6      | Found a runed translucent gate.
  6498 | D:6      | Found a basalt altar of Yredelemnul.
  6598 | D:6      | Reached skill level 7 in Axes
  6807 | D:6      | Learned a level 1 spell: Apportation
  6826 | D:6      | Learned a level 2 spell: Blink
  6922 | D:6      | Noticed Grinder
  6936 | D:6      | Killed Grinder
  6960 | D:6      | Noticed Ndrwtcm's ghost (amateur HOFi)
  6982 | D:6      | Reached skill level 1 in Translocations
  7827 | D:7      | Reached skill level 5 in Evocations
  8084 | D:7      | Reached XP level 10. HP: 55/60 MP: 8/10
  8088 | D:7      | Reached skill level 8 in Axes
  8254 | D:7      | Noticed a two-headed ogre
  8254 | D:7      | Noticed a two-headed ogre
  8307 | D:6      | Killed a two-headed ogre
  8456 | D:7      | Killed a two-headed ogre
  8862 | D:7      | Found the +7 pair of quick blades "Gyre" and "Gimble"
                  | {protect}
  9481 | D:8      | Noticed a two-headed ogre
  9493 | D:8      | Killed a two-headed ogre
  9494 | D:8      | Reached skill level 9 in Axes
  9777 | D:8      | Found a white marble altar of Elyvilon.
 10207 | D:8      | Found Micsoew's Armour Shoppe.
 10253 | D:8      | Reached XP level 11. HP: 48/66 MP: 8/11
 10707 | D:9      | Found Onamuck's Book Emporium.
 11093 | D:9      | Noticed a cyan ugly thing
 11130 | D:8      | Killed a cyan ugly thing
 11393 | D:9      | Found an iron altar of Okawaru.
 11394 | D:9      | Found a glowing silver altar of Zin.
 11398 | D:9      | Found an ancient bone altar of Kikubaaqudgha.
 11406 | D:9      | Became a worshipper of Warmaster Okawaru
 11409 | D:9      | Found a blossoming altar of Fedhas.
 11409 | D:9      | Found a shadowy altar of Dithmenos.
 11409 | D:9      | Found a bloodstained altar of Trog.
 11409 | D:9      | Found a shimmering blue altar of Sif Muna.
 11513 | D:9      | Noticed a salamander
 11513 | D:9      | a raiju changed into a salamander
 11517 | D:9      | Killed a salamander
 11538 | D:9      | Noticed a cyclops
 11544 | D:9      | Killed a cyclops
 11544 | D:9      | Reached * piety under Okawaru
 11605 | D:9      | Noticed a tengu warrior
 11618 | D:9      | Killed a tengu warrior
 12506 | D:10     | Entered Level 10 of the Dungeon
 12550 | D:10     | Noticed a deep elf pyromancer
 12562 | D:10     | Killed a deep elf pyromancer
 12563 | D:10     | Reached skill level 10 in Axes
 12782 | D:10     | Reached ** piety under Okawaru
 12845 | D:10     | Noticed a two-headed ogre
 12852 | D:10     | Killed a two-headed ogre
 12853 | D:10     | Reached skill level 5 in Translocations
 13010 | D:10     | Found Haatwatu's Antique Weapon Shop.
 13342 | D:10     | Noticed Psyche
 13352 | D:10     | Killed Psyche
 13352 | D:10     | Reached *** piety under Okawaru
 13500 | D:10     | Noticed a two-headed ogre
 13508 | D:10     | Killed a two-headed ogre
 13509 | D:10     | Reached XP level 12. HP: 50/73 MP: 8/12
 13635 | D:11     | Found Weceezxyrche's Armour Boutique.
 13713 | D:11     | HP: 1/73 [white ugly thing (10)]
 14404 | D:11     | Noticed a two-headed ogre
 14413 | D:11     | Killed a two-headed ogre
 14414 | D:11     | Reached skill level 1 in Invocations
 14670 | D:11     | Found Danextaqock's General Store.
 14698 | D:11     | Found a staircase to the Lair.
 15260 | D:11     | Reached **** piety under Okawaru
 15589 | D:11     | Found Cyff's Distillery.
 15592 | D:11     | Bought a potion of heal wounds for 70 gold pieces
 15592 | D:11     | Bought a potion of heal wounds for 70 gold pieces
 15697 | D:11     | Found a staircase to the Orcish Mines.
 15714 | D:11     | Noticed a two-headed ogre
 15723 | D:11     | Killed a two-headed ogre
 15990 | D:11     | Noticed a two-headed ogre
 16000 | D:11     | Killed a two-headed ogre
 16278 | D:11     | Found Umeadgh Mayst's Jewellery Emporium.
 16599 | Lair:1   | Entered Level 1 of the Lair of Beasts
 16754 | Lair:1   | Reached ***** piety under Okawaru
 17331 | Lair:1   | Noticed a death yak
 17370 | Lair:1   | Killed a death yak
 17763 | Lair:1   | Noticed a death yak
 17763 | Lair:1   | Noticed a death yak
 17887 | D:11     | Killed a death yak
 17888 | D:11     | Reached skill level 11 in Axes
 18035 | D:11     | HP: 1/75 [death yak (16)]
 18041 | D:11     | Killed a death yak
 18712 | Lair:1   | Reached XP level 13. HP: 75/79 MP: 14/16
 19322 | Lair:1   | Reached skill level 10 in Armour
 19912 | Lair:2   | Noticed Erica
 19924 | Lair:1   | Killed Erica
 19986 | Lair:2   | Received a gift from Okawaru
 20018 | Lair:2   | Found a runed translucent gate.
 20018 | Lair:2   | Found a runed translucent gate.
 20019 | Lair:2   | Noticed quinnr's ghost (journeyman TeAE)
 20021 | Lair:2   | Found a runed translucent gate.
 21709 | Lair:2   | Found a viscous altar of Jiyva.
 21761 | Lair:3   | Identified the +0 pair of boots "Uxoiczem" {rN+} (Okawaru
                  | gifted it to you on level 3 of the Lair of Beasts)
 21761 | Lair:3   | Received a gift from Okawaru
 21765 | Lair:3   | Reached skill level 5 in Invocations
 22732 | Lair:3   | Noticed Gastronok
 23023 | Lair:2   | Killed Gastronok
 23024 | Lair:2   | Reached skill level 1 in Long Blades
 23299 | Lair:3   | Reached ****** piety under Okawaru
 24683 | Lair:4   | Found a staircase to the Snake Pit.
 25051 | Lair:4   | Gained mutation: Your large and strong wings let you fly.
                  | [Gargoyle growth]
 25051 | Lair:4   | Reached XP level 14. HP: 85/86 MP: 18/18
 25076 | Lair:4   | Identified the +9 war axe "Earthworm" {distort, Str+3}
                  | (Okawaru gifted it to you on level 4 of the Lair of Beasts)
 25076 | Lair:4   | Received a gift from Okawaru
 25095 | Lair:4   | HP: 4/86 [five-headed hydra (5)]
 25099 | Lair:4   | Reached skill level 12 in Axes
 25107 | Lair:4   | HP: 3/86 [catoblepas/blast of calcifying dust (1)]
 25115 | Lair:4   | HP: 1/86 [something/blast of calcifying dust (4)]
 25154 | Lair:4   | Slain by a hell rat

Illustrated notes

Levels and vault maps discovered:
D:1:      psy_arrival_whirlpool, layout_basic, minmay_liquid_box,
          serial_park_tiny_pond
D:2:      layout_loops_ring, basic_altar, serial_glass, glass_columns_a,
          glass_columns_a, glass_columns_b, glass_columns_c, minmay_tromino_v4_c
D:3:      layout_basic, hellmonk_ecumenical_altar_run_dry,
          minmay_misc_feat_doors
D:4:      layout_basic, chequers_serial_rivers_marsh, uniq_menkaure
D:5:      layout_basic, minmay_temple_entry_junction, serial_shops, shop,
          nzn_random_ring
D:6:      layout_cave_pods, yredelemnul_altar_generic, gammafunk_ghost_icy,
          kennysheep_cross_room, nrook_uturn, uniq_grinder
D:7:      kennysheep_steamy, layout_basic,
          hellmonk_guarded_unrand_gyre_and_gimble
D:8:      layout_gridville, nicolae_elyvilon_temple_path,
          nicolae_inconvenience_store, minivault_14,
          eino_small_chamber_without_monster
D:9:      layout_basic, minitemple, serial_shops, nicolae_stop_n_shop_1,
          minmay_diamond_spiral
D:10:     layout_loops_ring, serial_shops, nicolae_shop_trees, uniq_psyche
D:11:     layout_loops_corners, erik_lair_island, orc_0_dummy, serial_shops,
          kennysheep_mini, nicolae_shop_stone, nicolae_lakefront_shop,
          kennysheep_mini_moat
Temple:   nicolae_temple_god_jail
Lair:1:   beast_lair_carwin_large_1, layout_layer_cave,
          kennysheep_abandoned_house
Lair:2:   layout_roguey, gammafunk_ghost_ooze, lemuel_fruit_fields, uniq_erica
Lair:3:   layout_long_grid, pond, uniq_gastronok
Lair:4:   nzn_winding_woodlands_stair_trap [nzn_winding_woodlands_5x15_jagged,
          nzn_winding_woodlands_5x15_split_checker,
          nzn_winding_woodlands_5x15_cabin, nzn_winding_woodlands_15x15_killbox,
          nzn_winding_woodlands_5x15_eye, nzn_winding_woodlands_5x15_concentric,
          nzn_winding_woodlands_5x15_garden], layout_gridlike,
          minmay_shoals_entry_hut, guppyfry_snake_entry_island,
          kilobyte_rumbling_trees, uniq_rupert

Skill      XL: |  1  2  3  4  5  6  7  8  9 10 11 12 13 14 |
---------------+-------------------------------------------+-----
Axes           | 2 3 4 5 6 7 9 10 11 12 | 12.0
Armour         | 4 5 6 8 9 10 | 10.7
Shields        | 4 5 6 7 8 9 |  9.4
Evocations     | 1 2 4 5 6 7 8 |  8.9
Fighting       | 4 5 6 7 8 9 |  9.2
Dodging        | 1 |  1.4
Translocations | 2 3 5 6 7 |  7.5
Invocations    | 4 6 |  6.2
Long Blades    | 1 |  1.8

Action                   |  1- 3 |  4- 6 |  7- 9 | 10-12 | 13-15 || total
-------------------------+-------+-------+-------+-------+-------++-------
Melee: War axe           |   107 |   120 |   202 |   530 |   326 ||  1285
       Scimitar          |       |       |       |       |    52 ||    52
Invok: Heroism           |       |       |       |     1 |     2 ||     3
  Use: Scroll            |     4 |     2 |     4 |     7 |     3 ||    20
       Potion            |       |     1 |     5 |     3 |     3 ||    12
 Stab: Confused          |       |       |       |       |     1 ||     1
Armor: Scale mail        |    40 |       |       |       |       ||    40
       Chain mail        |    16 |    41 |    60 |       |       ||   117
       Plate armour      |       |       |    56 |   389 |   362 ||   807
Dodge: Dodged            |    43 |    47 |   100 |   239 |   214 ||   643
Block: Kite shield       |    61 |    56 |   121 |   352 |   318 ||   908
       Rpst.: Scimitar   |       |       |       |       |    10 ||    10

Table legend: (Time is in decaauts)
 A = Elapsed time spent in this place.
 B = Non-inter-level travel time spent in this place.
 C = Inter-level travel time spent in this place.
 D = Time resting spent in this place.
 E = Time spent auto-exploring this place.
 F = Levels seen in this place.
 G = Mean time per level.
                   A        B        C        D        E       F      G
               +--------+--------+--------+--------+--------+-----+--------+
         Total |  25521 |  25399 |    122 |  10827 |   9818 |  16 | 1595.1 |
       Dungeon |  17441 |  17319 |    122 |   6678 |   7442 |  11 | 1585.5 |
        Temple |    180 |    180 |      0 |     83 |     50 |   1 |  180.0 |
          Lair |   7899 |   7899 |      0 |   4066 |   2326 |   4 | 1974.8 |
               +--------+--------+--------+--------+--------+-----+--------+

Top non-repeatable levels by time:
  Lair:2: 3623 daAuts
    D:11: 2879 daAuts
  Lair:1: 2630 daAuts
     D:4: 2332 daAuts
     D:8: 2044 daAuts
    D:10: 1939 daAuts
     D:9: 1595 daAuts
     D:6: 1499 daAuts
     D:5: 1408 daAuts
     D:1: 1119 daAuts
     D:7: 1075 daAuts
     D:3: 911 daAuts
  Lair:4: 901 daAuts
  Lair:3: 743 daAuts
     D:2: 635 daAuts
